 Dungeon Crawl Stone Soup version 0.28-a0-422-gd71735cc25 (webtiles) character file.

Game seed: 12172901874392354272

3 gruber the Insei (level 1, 0/17 HPs)
             Began as a Djinni Transmuter on Sept 8, 2021.
             Slain by a hobgoblin (4 damage)
             ... on level 1 of the Dungeon.
             The game lasted 00:00:17 (199 turns).

gruber the Insei (Djinni Transmuter)                 Turns: 199, Time: 00:00:18

Health: 0/17       AC:  2    Str:  9    XL:     1   Next: 55%
Gold:   10         EV: 12    Int: 14    God:
                   SH:  0    Dex: 13

rFire   + + .      SeeInvis .     - Unarmed
rCold   x . .      Faith    .   (no shield)
rNeg    . . .      Spirit   .   a - +0 robe
rPois   ∞          Reflect  .   (helmet currently unavailable)
rElec   .          Harm     .   (no cloak)
rCorr   .          Rampage  .   (no gloves)
Will    .....                   (boots unavailable)
Stlth   +.........              (no amulet)
HPRegen 0.05/turn               (no ring)
MPRegen 0.00/turn               (no ring)

@: appendages (expiring), flying
A: horns 2, flying, sickness immunity, fire resistance 2, cold vulnerability 1,
float, innate caster, hp casting, extra vitality 1
a: End Transformation


You were on level 1 of the Dungeon.
You had temporarily grown beastly horns.
You visited 1 branch of the dungeon, and saw 1 of its levels.

You collected 10 gold pieces.

Inventory:

Armour
 a - a +0 robe (worn)
Scrolls
 c - a scroll of noise {unknown}
Potions
 b - a potion of curing {unknown}


   Skills:
 - Level 1.0 Fighting
 - Level 2.1 Dodging
 + Level 3.2 Unarmed Combat
 - Level 1.5 Spellcasting


You couldn't memorise any spells.
You knew the following spells:

 Your Spells              Type           Power      Damage    Failure   Level
a - Beastly Appendage     Tmut           10%        N/A       13%         1
b - Wereblood             Tmut           5%         N/A       21%         2
c - Spider Form           Tmut/Pois      2%         N/A       36%         3
d - Ice Form              Ice/Tmut       5%         N/A       78%         4
Your spell library was empty.

Dungeon Overview and Level Annotations

Branches:
Dungeon (1/15)

Altars:


Innate Abilities, Weirdness & Mutations

You have temporarily grown beastly horns.
You are flying.
You are immune to sickness and miasma.
You are immune to poison.
Your flesh is very heat resistant. (rF++)
You are vulnerable to cold. (rC-)
You float through the air rather than walking.
You learn spells naturally, not from books.
Your magical power is your life essence.
You have superior vitality. (+4 HP)


Message History

You reach down and open the door.
There is an open door here.
A hobgoblin comes into view.
The hobgoblin shouts!
A hobgoblin is nearby!
A hobgoblin is nearby!
You grow a pair of large bovine horns.
Your transformation is almost over.
A hobgoblin comes into view.
A rat comes into view.
A giant cockroach comes into view.
The hobgoblin hits you.
The hobgoblin shouts!
You hit the hobgoblin but do no damage.
You headbutt the hobgoblin, but do no damage.
The hobgoblin hits you but does no damage.
You hit the hobgoblin.
The hobgoblin is almost dead.
The hobgoblin misses you.
You hit the hobgoblin.
You kill the hobgoblin!
There is an open door here.
Your horns disappear.
You grow a pair of large bovine horns.
The rat bites you.
You hit the rat but do no damage. The rat bites you.
You closely miss the rat. The rat closely misses you.
You hit the rat. Your headbutt misses the rat.
The rat is heavily wounded.
The hobgoblin closely misses you. The rat bites you.
* * * LOW HITPOINT WARNING * * *
You hit the rat but do no damage.
The rat is heavily wounded.
Your transformation is almost over.
The hobgoblin barely misses you. The rat bites you.
* * * LOW HITPOINT WARNING * * *
You closely miss the rat.
The rat is heavily wounded.
The hobgoblin closely misses you. The rat bites you but does no damage.
The hobgoblin closely misses you. The hobgoblin hits you.
You die...

...# #............. # #..#
#....####.#### #. #..#
#....#####.### #.## #..#
#......# #.#. ...######..#
#....#.## ##.# #.###.....##..#
+....##.###.#. .........##.>#
#....###.#.#.#
#####.....###.####....# ##.#.<.
......†...'Br.@.....### #.#.#.#
..........###g####..# ##.###.#.
....................###.## ##.#
.....####.###.####..##...###.#.
#.... #+# #.# #.....#..#.###
##.. ... +....###.(## # #. ...
#....# #### .. .## #....#
#....#


You could see a giant cockroach, a hobgoblin and a rat.

Vanquished Creatures
  A hobgoblin (D:1)
  A bat (D:1)
  2 rats (D:1)
4 creatures vanquished.

Notes
Turn   | Place    | Note
-------+----------+-------------------------------------------
     0 | D:1      | gruber the Djinni Transmuter began the quest for the Orb.
     0 | D:1      | Reached XP level 1. HP: 17/17 MP: 0/0
   199 | D:1      | Slain by a hobgoblin

Illustrated notes

Levels and vault maps discovered:
D:1:      minmay_arrival_diagonal_passages, layout_basic, serial_shops,
          nicolae_shop_overgrown_old_shop

Action                   || total
-------------------------++-------
Melee: Unarmed           ||    13
       Headbutt          ||     3
 Cast: Beastly Appendage ||     6
Armor: Robe              ||     3
Dodge: Dodged            ||    10

Table legend: (Time is in decaauts)
 A = Elapsed time spent in this place.
 B = Non-inter-level travel time spent in this place.
 C = Inter-level travel time spent in this place.
 D = Time resting spent in this place.
 E = Time spent auto-exploring this place.
 F = Levels seen in this place.
 G = Mean time per level.
                   A        B        C        D        E       F      G
               +--------+--------+--------+--------+--------+-----+--------+
         Total |    198 |    198 |      0 |      0 |    161 |   1 |  198.0 |
       Dungeon |    198 |    198 |      0 |      0 |    161 |   1 |  198.0 |
               +--------+--------+--------+--------+--------+-----+--------+

Top non-repeatable levels by time:
     D:1: 198 daAuts
